[Event "Live Chess"]
[Site "Chess.com"]
[Date "2023.05.20"]
[Round "-"]
[White "boilerboy1"]
[Black "worldchessleaguelive"]
[Result "0-1"]
[WhiteElo "1081"]
[BlackElo "1396"]
[TimeControl "300"]
[EndTime "11:12:28 PDT"]
[Termination "worldchessleaguelive won on time"]

1. e4 d5 2. exd5 Qxd5 3. Nc3 Qd8 4. Nf3 Nf6 5. d4 Bg4 6. Be2 e6 7. O-O Be7 8. d5 exd5 9. Re1 O-O 10. Bg5 Nbd7 11.
h4 h6 12. Bf4 c6 13. g3 Bb4 14.
Qd4 Bxc3 15. Qxc3 Re8 16. Bd3 Bxf3 17. Rxe8+ Qxe8 18. Bf1 Bh5 19. Bg2 Qf8 20. Be3 c5 21. Qb3 d4 22. Bf4 Nb6 23. a3 c4 24. Qb5 Bg6 25. Be5 Ne4 26. Bxd4 Rd8 27. c3 Qe8 28.
Qe5 Qxe5 29. Bxe5 Rd2 30. Bd4 Rxb2 31. Re1 Nf6 32. Bxb7 Rb1 33. Rxb1 Bxb1 0-1

[Event "Live Chess"]
[Site "Chess.com"]
[Date "2023.05.20"]
[Round "-"]
[White "onemoretime1975"]
[Black "BJAW87"]
[Result "1-0"]
[WhiteElo "1903"]
[BlackElo "1437"]
[TimeControl "300"]
[EndTime "11:12:34 PDT"]
[Termination "onemoretime1975 won by resignation"]

1. e4 c6 2. Nf3 d5 3. exd5 cxd5 4. d4 Nc6 5. Bd3 Nf6 6. c3 Bg4 7. h3 Bh5 8. Bf4 Qb6 9. Qb3 Qxb3 10. axb3 Bxf3 11. gxf3 e6 12. b4 Be7 13. Na3 O-O 14.
O-O Nh5 15. Bg3 Nxg3 16. fxg3 Bd6 17. f4 Ne7 18. Kg2 Nf5 19. Bxf5 exf5 20. Rfe1 a6 21.
Nc2 Rfe8 22. Rxe8+ Rxe8 23. Re1 Rxe1 24. Nxe1 h6 25.
h4 b5 26. Nd3 f6 27. h5 Kf7 28. Kf3 g5 29. hxg6+ Kxg6 30. Nc5 Bxc5 31. dxc5 Kf7 32.
Ke3 Ke6 33. Kd4 h5 34. b3 Kd7 35. Kxd5 Kc7 36. c6 Kd8 37. Kd6 Kc8 38. c7 Kb7 39.
Kd7 1-0

[Event "Live Chess"]
[Site "Chess.com"]
[Date "2023.05.20"]
[Round "-"]
[White "18Ziyad"]
[Black "matt1979"]
[Result "0-1"]
[WhiteElo "951"]
[BlackElo "1438"]
[TimeControl "300"]
[EndTime "11:12:34 PDT"]
[Termination "matt1979 won by resignation"]

1. e3 f5 2. b3 Nf6 3. Bb2 e6 4.
g3 Be7 5. Bg2 O-O 6. Ne2 d6 7.
d3 e5 8. Nd2 Nc6 9. O-O Bd7 10.
e4 f4 11. gxf4 exf4 12. Nxf4 Nxe4 13. dxe4 Rxf4 14. Re1 Bf6 15. Bxf6 Qxf6 16. Nf3 Bg4 17. Re3 Rf8 18. h3 Bxf3 19. Bxf3 Rxf3 20. Rxf3 Qxf3 21. Qxf3 Rxf3 22. Re1 Rxh3 23. Kg2 Rh6 24. a3 Ne5 25. c4 Rg6+ 26. Kf1 Kf7 27. Rc1 Nf3 28. Ke2 Nd4+ 29. Ke3 c5 30. b4 b6 31. bxc5 dxc5 32. a4 Rf6 33. f4 g5 34. f5 h5 35. Rh1 h4 36. Rg1 h3 37. Rxg5 Rh6 38. f6 h2 39.
Rg7+ Kxf6 40. Rb7 h1=Q 0-1

[Event "Live Chess"]
[Site "Chess.com"]
[Date "2023.05.20"]
[Round "-"]
[White "EdenHazard8"]
[Black "ranvir123"]
[Result "1-0"]
[WhiteElo "2103"]
[BlackElo "889"]
[TimeControl "300"]
[EndTime "11:12:34 PDT"]
[Termination "EdenHazard8 won by checkmate"]

1. e4 e5 2. Qh5 Nc6 3. Bc4 g6 4. Qf3 Nf6 5. Ne2 Bc5 6. d3 O-O 7. Bg5 Kg7 8. h4 h6 9. Bd2 Nd4 10. Nxd4 Bxd4 11. c3 Bb6 12. h5 Nxh5 13. Rxh5 gxh5 14.
Qxh5 Kh7 15. Qxh6+ Kg8 16. Qg6+ Kh8 17. Bg5 Rg8 18.
Bf6+ Qxf6 19. Qxf6+ Rg7 20. Qxe5 Kg8 21. Qe8+ Kh7 22. Bxf7 Rxg2 23. f4 Rxb2 24. Bg6+ Kh6 25. f5 Kg5 26. Qe7+ Kf4 27. Qh4+ Ke3 28. Qg3# 1-0

[Event "Live Chess"]
[Site "Chess.com"]
[Date "2023.05.20"]
[Round "-"]
[White "Outspanner"]
[Black "ramses-IIG"]
[Result "1-0"]
[WhiteElo "1535"]
[BlackElo "785"]
[TimeControl "300"]
[EndTime "11:12:35 PDT"]
[Termination "Outspanner won by checkmate"]

1. d4 e5 2. dxe5 Nc6 3. Nf3 Qe7 4. Bg5 Qb4+ 5. Nc3 Qxb2 6. Bd2 Bb4 7. Rb1 Qa3 8. Nb5 Bxd2+ 9. Qxd2 Qxa2 10. Rc1 f6 11. exf6 Nxf6 12. Nxc7+ Kd8 13. Nxa8 Qb2 14. e3 Nb4 15.
Bd3 d5 16. O-O Nxd3 17. Qxd3 g6 18. e4 Re8 19. e5 Ne4 20. Qxd5+ Bd7 21. Qxe4 Kc8 22.
Qc4+ Kb8 23. Rfd1 Kxa8 24. Rb1 Qa2 25. Rxd7 Qxc4 26. Rbxb7 Rb8 27. Rxa7# 1-0

[Event "Live Chess"]
[Site "Chess.com"]
[Date "2023.05.20"]
[Round "-"]
[White "mattihelenius2"]
[Black "misha464"]
[Result "1-0"]
[WhiteElo "479"]
[BlackElo "744"]
[TimeControl "300"]
[EndTime "11:12:45 PDT"]
[Termination "mattihelenius2 won by resignation"]

1. d4 d6 2. e4 Nc6 3. Bb5 Bd7 4. c3 a6 5. Bxc6 Bxc6 6. d5 Bd7 7. Be3 Nf6 8. f3 e6 9. Nd2 exd5 10. Bg5 Be7 11. Bxf6 Bxf6 12. Qe2 O-O 13. exd5 c6 14. Kf2 Re8 15.
Ne4 cxd5 16. Qd2 dxe4 17. fxe4 Bg5 18. Qd4 Bc6 19. Re1 f5 20. Nf3 fxe4 21. Nxg5 Qxg5 22. Rxe4 Bxe4 23. Qxd6 Qf4+ 24. Qxf4 Bc2 25. Re1 Rxe1 26.
Kxe1 Bd3 27. Qd2 Bf5 28. Qd5+ Be6 29. Qxe6+ Kh8 30. g3 a5 31. b3 b5 32. Kd2 a4 33.
b4 a3 34. Qb6 Rg8 35. Qxb5 h6 36. c4 g6 37. c5 h5 38. Qd7 Rd8 39. Qxd8+ Kg7 40.
c6 1-0

[Event "Live Chess"]
[Site "Chess.com"]
[Date "2023.05.20"]
[Round "-"]
[White "Hacker_2009"]
[Black "KeithArkell"]
[Result "1/2-1/2"]
[WhiteElo "1936"]
[BlackElo "2604"]
[TimeControl "300"]
[EndTime "11:12:48 PDT"]
[Termination "Game drawn by stalemate"]

1. d4 e6 2. Nf3 Nf6 3. e3 c5 4. c4 cxd4 5. Nxd4 Nc6 6. Nc3 Bc5 7.
Be2 O-O 8. O-O d5 9. cxd5 Nxd5 10. Nxd5 exd5 11. Nxc6 bxc6 12. b3 Qb6 13. Bb2 Be6 14. Rc1 a5 15. Qc2 Be7 16. Qxc6 Qxc6 17. Rxc6 a4 18.
Bd1 Rfb8 19. Bd4 Bb4 20. bxa4 h6 21. Bb3 Bd7 22. Rc7 Be6 23. h3 Bd6 24. Rc6 Be7 25. Rfc1 Bf8 26. Be5 Rd8 27. Bd4 Ba3 28. Rd1 Rdc8 29.
Rxc8+ Rxc8 30. a5 Ra8 31. Bb6 Bb4 32. Bxd5 Bxd5 33. Rxd5 Kh7 34. Rb5 Bc3 35. a4 Kg6 36. g4 Kf6 37. Bd4+ Bxd4 38. exd4 Ke6 39. d5+ Ke5 40. Kg2 g6 41. Kg3 f5 42. f4+ Kd6 43.
gxf5 gxf5 44. Kh4 Ke7 45. Kh5 Ra6 46. h4 Kf7 47. Rb7+ Ke8 48. Rb6 Rxa5 49. Rxh6 Rxd5 50. a5 Rxa5 51. Kg5 Kf7 52. Rf6+ Kg7 53. h5 Ra1 54. h6+ Kh7 55. Kxf5 Ra5+ 56. Kg4 Rb5 57. f5 Rb1 58. Ra6 Rf1 59. Kg5 Rg1+ 60. Kf6 Kxh6 61. Kf7+ Kh7 62. f6 Rb1 63. Ra7 Rb6 64. Re7 Ra6 65. Re6 Ra7+ 66.
Kf8 Ra8+ 67. Re8 Ra7 68. Re7+ Kh8 69. Rxa7 1/2-1/2

[Event "Live Chess"]
[Site "Chess.com"]
[Date "2023.05.20"]
[Round "-"]
[White "AdamOwls"]
[Black "AyannaTang"]
[Result "1-0"]
[WhiteElo "1944"]
[BlackElo "176"]
[TimeControl "300"]
[EndTime "11:13:15 PDT"]
[Termination "AdamOwls won by checkmate"]

1. e4 e5 2. Nf3 Nf6 3. Nxe5 Nxe4 4. Qe2 Qe7 5. Qxe4 d6 6. d4 dxe5 7. Qxe5 Qxe5+ 8. dxe5 Nc6 9. Bf4 Nd4 10. Bd3 Bf5 11.
Bxf5 Nxf5 12. c3 O-O-O 13. Nd2 Bb4 14. cxb4 Nd4 15. O-O Nc2 16. Rac1 Nxb4 17. Be3 Nxa2 18. Ra1 Nb4 19. Rxa7 Rhe8 20. Nf3 Nd3 21. Rd1 Nxe5 22. Ra8# 1-0

[Event "Live Chess"]
[Site "Chess.com"]
[Date "2023.05.20"]
[Round "-"]
[White "McSlash1"]
[Black "friarnator"]
[Result "0-1"]
[WhiteElo "2053"]
[BlackElo "1997"]
[TimeControl "300"]
[EndTime "11:13:20 PDT"]
[Termination "friarnator won by resignation"]

1. e4 c5 2. Nc3 d6 3. f4 g6 4.
Nf3 Bg7 5. Bc4 Nc6 6. d3 e6 7.
O-O Nge7 8. f5 exf5 9. Ng5 O-O 10. Qe1 h6 11. Nf3 Ne5 12. Nxe5 dxe5 13. exf5 Nxf5 14.
Kh1 Nd4 15. Qf2 Be6 16. Bb3 Bxb3 17. axb3 f5 18. Be3 a6 19. Na4 Qd6 20. c3 Nxb3 21. Nxc5 Nxa1 22. Rxa1 f4 23. Bd2 b6 24. Na4 Qxd3 25.
Nxb6 Rad8 26. Be1 e4 27. Qg1 f3 28. Bf2 fxg2+ 29. Qxg2 Qd2 30. Rf1 e3 31. Nc4 Rxf2 32.
Rxf2 Qxf2 0-1

[Event "Live Chess"]
[Site "Chess.com"]
[Date "2023.05.20"]
[Round "-"]
[White "bedsdrout"]
[Black "Richardallis"]
[Result "0-1"]
[WhiteElo "384"]
[BlackElo "1677"]
[TimeControl "300"]
[EndTime "11:13:33 PDT"]
[Termination "Richardallis won by checkmate"]

1. e4 d5 2. Nc3 d4 3. Nd5 c6 4.
Bc4 cxd5 5. Bb3 dxe4 6. Qh5 e6 7. d3 Nf6 8. Qh4 exd3 9. Nf3 dxc2 10.
Bxc2 Nc6 11. Bd2 d3 12. Bxd3 Qxd3 13. Kd1 Bb4 14. Rc1 Bxd2 15. Nxd2 Nd4 16. Re1 O-O 17.
Rc7 Rd8 18. Kc1 Ne2+ 19. Rxe2 Qxe2 20. Kc2 Qxd2+ 21. Kb3 Qd1+ 22. Kc3 Nd5+ 23. Kc4 b5+ 24. Kc5 Nxc7 25. Qb4 Qd6# 0-1

[Event "Live Chess"]
[Site "Chess.com"]
[Date "2023.05.20"]
[Round "-"]
[White "booktrunk"]
[Black "Vladyslav2008"]
[Result "0-1"]
[WhiteElo "1335"]
[BlackElo "2173"]
[TimeControl "300"]
[EndTime "11:13:34 PDT"]
[Termination "Vladyslav2008 won by resignation"]

1. d4 Nf6 2. c3 c5 3. Nf3 g6 4. dxc5 Bg7 5. Be3 O-O 6. h3 Qc7 7. Bd4 Nc6 8. Be3 Ne4 9. Nbd2 Ng3 10. fxg3 Qxg3+ 11. Bf2 Qc7 12. Qc2 d6 13. cxd6 exd6 14. O-O-O Be6 15. e4 Rac8 16. Bc4 Bxc4 17. Nxc4 Rfd8 18.
Bg3 b5 19. Nxd6 Nb4 20. Qb3 Nxa2+ 21. Qxa2 Bxc3 22. Nxc8 Be5+ 23. Kb1 Bxg3 24. Rxd8+ Qxd8 25. Nxa7 Qd3+ 26. Ka1 Qxe4 27. Qb3 Qa8 28. Qxb5 Qxa7+ 29. Kb1 Qf2 30. Qe8+ Kg7 31. Qe1 Qxg2 32. Rg1 Qxf3 33. Rxg3 Qf5+ 34. Kc1 h5 35. Qc3+ Kh7 36. Rf3 Qg5+ 37.
Qd2 Qc5+ 38. Kb1 Qe7 39. Qe3 Qb7 40. Qb3 Qe4+ 41. Ka1 Qa8+ 42. Qa2 Qxf3 0-1

[Event "Live Chess"]
[Site "Chess.com"]
[Date "2023.05.20"]
[Round "-"]
[White "FlyingChessKestrel13"]
[Black "BillythekidFellowes"]
[Result "0-1"]
[WhiteElo "2128"]
[BlackElo "2011"]
[TimeControl "300"]
[EndTime "11:13:40 PDT"]
[Termination "BillythekidFellowes won by resignation"]

1. e4 Nc6 2. d4 d5 3. e5 Bf5 4.
Bd3 Nxd4 5. Bxf5 Nxf5 6. g4 Nh4 7. Bg5 Ng6 8. Nf3 h6 9. Be3 e6 10. Nc3 c5 11. Bd2 Qc7 12. Qe2 N8e7 13. Nb5 Qb6 14.
Nd6+ Kd7 15. Nxf7 Rg8 16. O-O Nc6 17. a4 Be7 18. a5 Qc7 19. g5 Raf8 20. Nd6 Bxd6 21.
exd6 Qxd6 22. Rfe1 e5 23. Be3 e4 24. Nd2 Nce5 25.
c4 Nh4 26. cxd5 Nef3+ 27. Nxf3 Nxf3+ 28. Kf1 Nxh2+ 29. Kg1 Nf3+ 30. Kf1 Qh2 31. Qb5+ Kc8 32. a6 b6 33. Qc6+ Qc7 34. Qxc7+ Kxc7 35. Red1 Kd6 36.
gxh6 gxh6 37. Ke2 h5 38. b4 c4 39. b5 h4 40. Rac1 Rc8 41. Bf4+ Kd7 42. Ke3 h3 43. Kxe4 Ng5+ 44. Bxg5 Rxg5 45. f4 Rg2 46. Rh1 h2 47. Kf3 Ra2 48. Kg3 c3 49. f5 Kd6 50. f6 Kxd5 51.
f7 Ke6 52. Rxh2 Rxh2 53. Kxh2 Kxf7 54. Kg3 Ke6 55. Kf3 Kd5 56. Ke3 Kc4 57. Rb1 c2 58.
Rc1 Kc3 59. Ke2 Kb2 0-1

[Event "Live Chess"]
[Site "Chess.com"]
[Date "2023.05.20"]
[Round "-"]
[White "YF22Raptor"]
[Black "LodeshChess"]
[Result "1/2-1/2"]
[WhiteElo "1010"]
[BlackElo "959"]
[TimeControl "300"]
[EndTime "11:13:40 PDT"]
[Termination "Game drawn by repetition"]

1. e4 c6 2. Nf3 d5 3. exd5 cxd5 4. Nc3 Bg4 5. h3 Bxf3 6. Qxf3 e6 7. Bb5+ Nc6 8. d4 Bb4 9. Bxc6+ bxc6 10. Bd2 Nf6 11. a3 Ba5 12. b4 Bc7 13. Na4 Qd6 14. Nc5 O-O 15. g3 Nd7 16. Bf4 Qe7 17. Bxc7 Nxc5 18.
dxc5 Qxc7 19. O-O a5 20. c3 a4 21. Rac1 Qc8 22. c4 e5 23. cxd5 cxd5 24. Qxd5 Qxh3 25.
Qxe5 Rfe8 26. Qc7 Re6 27. Qb7 Rae8 28. Qg2 Qg4 29. c6 Rc8 30. b5 Qd4 31. Rfd1 Qb6 32. Rb1 Re2 33. Qh3 Qxf2+ 34. Kh1 Qf3+ 35. Kg1 Qf2+ 36. Kh1 Qf3+ 37. Kg1 Qf2+ 1/2-1/2

[Event "Live Chess"]
[Site "Chess.com"]
[Date "2023.05.20"]
[Round "-"]
[White "WelshTiger"]
[Black "TobyQuaite"]
[Result "1-0"]
[WhiteElo "2431"]
[BlackElo "1695"]
[TimeControl "300"]
[EndTime "11:13:45 PDT"]
[Termination "WelshTiger won by resignation"]

1. e4 e6 2. d3 d5 3. Nd2 Nf6 4. Ngf3 c5 5. g3 Nc6 6. Bg2 e5 7. O-O d4 8. Nc4 Qc7 9. a4 a6 10. a5 Be7 11. Bg5 Be6 12. Nb6 h6 13. Nxa8 1-0

[Event "Live Chess"]
[Site "Chess.com"]
[Date "2023.05.20"]
[Round "-"]
[White "CocheseUK"]
[Black "RoaringKnights"]
[Result "0-1"]
[WhiteElo "1106"]
[BlackElo "966"]
[TimeControl "300"]
[EndTime "11:13:54 PDT"]
[Termination "RoaringKnights won on time"]

1. e4 c6 2. d4 d5 3. e5 Bf5 4. Bd3 Bxd3 5. Qxd3 e6 6. Nf3 c5 7. c3 c4 8. Qc2 Nc6 9. Bf4 Nge7 10.
O-O Ng6 11. Bg3 Be7 12. Nbd2 Bh4 13. Nxh4 Nxh4 14. f4 Nf5 15. Bf2 b5 16. g4 Nh6 17.
h3 b4 18. Nf3 bxc3 19. bxc3 Rb8 20. Rfb1 Rxb1+ 21. Rxb1 O-O 22. Rb7 f6 23. Bh4 Qc8 24.
Rxg7+ Kxg7 25. Bxf6+ Kg8 26. Ng5 Rf7 27. Nxf7 Kxf7 28.
Qxh7+ Ke8 29. Qxh6 Kd7 30. Qg7+ Ke8 31. Qg8+ Kd7 32.
Qxc8+ Kxc8 33. g5 Nxd4 34. g6 Nf5 35. h4 Kd7 36. g7 Nxg7 37. Bxg7 Ke7 38. h5 Kf7 39. h6 Kg8 40. Kf2 Kh7 41. Ke3 Kg6 42.
Kd4 Kh7 43. Kc5 Kg6 44. Kb4 Kf7 45. Ka3 Kg6 46. Kb2 Kf7 47. a4 Kg6 48. a5 Kf7 49. a6 Kg6 50. Kc2 Kf7 51. Kd2 Kg6 52. Ke3 Kf7 53. Kd4 Kg6 54. f5+ exf5 55. Ke3 Kf7 0-1

[Event "Live Chess"]
[Site "Chess.com"]
[Date "2023.05.20"]
[Round "-"]
[White "Chesscoach_Golichenko"]
[Black "NAZRIZ1977"]
[Result "1-0"]
[WhiteElo "2654"]
[BlackElo "2150"]
[TimeControl "300"]
[EndTime "11:13:54 PDT"]
[Termination "Chesscoach_Golichenko won by resignation"]

1. d4 Nf6 2. c4 c5 3. d5 b5 4. f3 g6 5. e4 d6 6. cxb5 a6 7. Nc3 Bg7 8. Bc4 O-O 9. Nge2 axb5 10. Bxb5 Ba6 11. Bxa6 Nxa6 12. O-O Qa5 13. Rb1 Rfb8 14. h3 Ne8 15. Kh2 Nec7 16. Bd2 Nb5 17. Nxb5 Qxb5 18. Bc3 Nb4 19. a3 Nd3 20. f4 c4 21. Rf3 Bxc3 22.
Nxc3 Qb3 23. Qf1 Qc2 24. f5 Ne5 25. Rf2 Qd3 26. Qe1 Qd4 27. Rd1 Nd3 28. Rfd2 Qe5+ 29. Qg3 Rxb2 30. Qxe5 Nxe5 31. Rxb2 1-0

[Event "Live Chess"]
[Site "Chess.com"]
[Date "2023.05.20"]
[Round "-"]
[White "LiamBellwood"]
[Black "ramses-IIG"]
[Result "1-0"]
[WhiteElo "2079"]
[BlackElo "785"]
[TimeControl "300"]
[EndTime "11:13:54 PDT"]
[Termination "LiamBellwood won by resignation"]

1. d4 d5 2. Nc3 Nc6 3. Bf4 e6 4.
Nb5 e5 5. dxe5 Nxe5 6. Bxe5 c6 7.
Nc7+ Ke7 8. Nxa8 Qd6 9. Bxd6+ Kf6 10. e4 d4 11. Qxd4+ Kg5 12. f4+ Kg6 13. Qe5 f5 14.
exf5+ 1-0

[Event "Live Chess"]
[Site "Chess.com"]
[Date "2023.05.20"]
[Round "-"]
[White "luckywookie"]
[Black "raminguy"]
[Result "0-1"]
[WhiteElo "729"]
[BlackElo "1977"]
[TimeControl "300"]
[EndTime "11:13:56 PDT"]
[Termination "raminguy won by resignation"]

1. e4 e5 2. Nf3 Nc6 3. d3 Nf6 4. Be3 d5 5. Nbd2 dxe4 6. dxe4 Bb4 7. c3 Ba5 8. b4 Bb6 9. Bxb6 axb6 10. b5 Ne7 11.
Nxe5 O-O 12. Bc4 Qd6 13. Nxf7 Rxf7 14. Qb3 Ned5 15. Bxd5 Nxd5 16. O-O-O Nf6 17. Nf3 Qf4+ 18. Rd2 Nxe4 19. Rd1 Nxd2 20. Rxd2 Bf5 21. g3 Qxf3 22. Rd7 Bxd7 23. Qd1 Qxc3+ 24. Qc2 Qxc2+ 25. Kxc2 Rxf2+ 26. Kd1 Raxa2 0-1

[Event "Live Chess"]
[Site "Chess.com"]
[Date "2023.05.20"]
[Round "-"]
[White "Brooms1989"]
[Black "LL220284LL"]
[Result "0-1"]
[WhiteElo "1008"]
[BlackElo "2386"]
[TimeControl "300"]
[EndTime "11:13:59 PDT"]
[Termination "LL220284LL won by checkmate"]

1. e4 g6 2. d4 Bg7 3. Nc3 Nf6 4. Nf3 d6 5. Bc4 O-O 6. Be3 Nxe4 7. Nxe4 d5 8. Bd3 dxe4 9. Bxe4 Nd7 10. Qd2 Nf6 11. Bd3 Re8 12. Bh6 Bh8 13. O-O-O c6 14. Ng5 Qxd4 15. c3 Qa4 16. Be2 Qxa2 17. Qd8 Qa1+ 18. Kc2 Bf5+ 19. Kd2 Raxd8+ 20. Ke3 Qxb2 21. Kf3 Qxc3+ 22. Kf4 e5# 0-1

[Event "Live Chess"]
[Site "Chess.com"]
[Date "2023.05.20"]
[Round "-"]
[White "ameetghasi100"]
[Black "alexlines8"]
[Result "1-0"]
[WhiteElo "2748"]
[BlackElo "1257"]
[TimeControl "300"]
[EndTime "11:14:01 PDT"]
[Termination "ameetghasi100 won by resignation"]

1. g3 d5 2. Bg2 Nf6 3. d3 e5 4.
e3 Nc6 5. h3 Be6 6. Ne2 Bd6 7.
Nd2 O-O 8. g4 d4 9. Ng3 dxe3 10.
fxe3 e4 11. Ndxe4 Nxe4 12. Nxe4 Bd5 13. O-O Qe7 14. Nxd6 Qxd6 15. e4 Be6 16. c3 Rad8 17. d4 Bc4 18. Bf4 Qe6 19. Rf2 Ne7 20. b3 Ba6 21. d5 Qb6 22. c4 Ng6 23. Bg3 Rfe8 24.
Qf3 f6 25. Re1 Qd4 26. h4 c6 27. g5 fxg5 28. hxg5 Rf8 29. Qe3 Qxe3 30. Rxe3 Rxf2 31. Kxf2 cxd5 32. cxd5 Kf7 33. e5 b6 34. e6+ Ke8 35. d6 Bc8 36. Bc6+ Kf8 37. e7+ Nxe7 38. dxe7+ Kf7 39.
exd8=Q Bb7 40. Qe7+ Kg6 41. Be8+ 1-0

[Event "Live Chess"]
[Site "Chess.com"]
[Date "2023.05.20"]
[Round "-"]
[White "KeithArkell"]
[Black "Pablo_dmp"]
[Result "1-0"]
[WhiteElo "2604"]
[BlackElo "1864"]
[TimeControl "300"]
[EndTime "11:14:04 PDT"]
[Termination "KeithArkell won by resignation"]

1. d4 d5 2. Nf3 Nf6 3. c4 e6 4. cxd5 exd5 5. Nc3 Bb4 6. Qa4+ Nc6 7. Bg5 Bxc3+ 8.
bxc3 Bd7 9. e3 h6 10. Bxf6 Qxf6 11. Be2 Ne5 12. dxe5 Qxf3 13. Qxd7+ Kxd7 14. Bxf3 1-0

[Event "Live Chess"]
[Site "Chess.com"]
[Date "2023.05.20"]
[Round "-"]
[White "JoshMcK"]
[Black "alanmike75"]
[Result "0-1"]
[WhiteElo "1526"]
[BlackElo "1515"]
[TimeControl "300"]
[EndTime "11:14:11 PDT"]
[Termination "alanmike75 won by resignation"]

1. e4 e5 2. Nf3 Nc6 3. Bb5 d6 4. d4 exd4 5. Nxd4 Bd7 6. Nc3 Nf6 7. O-O Be7 8. Nxc6 bxc6 9. Bd3 O-O 10. Be3 d5 11. h3 Be6 12. Be2 Nxe4 13. Nxe4 dxe4 14. Qxd8 Rfxd8 15. f3 exf3 16. Bxf3 Bd5 17. Rad1 a6 18. Bxd5 cxd5 19. b3 c5 20. Bf4 d4 21. Rfe1 Bf6 22. Be5 Bxe5 23. Rxe5 Rac8 24. Kf2 Kf8 25. Ke2 Re8 26. Rxe8+ Rxe8+ 27. Kd3 Re3+ 28. Kc4 Rc3+ 29. Kd5 Rxc2 30. a4 f6 31. Re1 d3 32.
Rd1 c4 33. bxc4 d2 34. c5 Ke7 35. c6 Kd8 36. Kd6 a5 37. c7+ Rxc7 38. Ke6 Rd7 39. Kf5 Ke8 40. g4 Kf7 41. h4 g6+ 42. Kf4 Ke6 43.
Ke4 h5 44. gxh5 gxh5 45. Ke3 Kf5 46. Rf1+ Ke5 47. Rd1 f5 48. Kf3 Rd3+ 49. Ke2 Rh3 50.
Rxd2 Rh2+ 51. Ke3 Rxd2 52. Kxd2 Kf4 53. Ke2 Kg3 0-1

[Event "Live Chess"]
[Site "Chess.com"]
[Date "2023.05.20"]
[Round "-"]
[White "stevegleds"]
[Black "wadsy27"]
[Result "0-1"]
[WhiteElo "614"]
[BlackElo "2588"]
[TimeControl "300"]
[EndTime "11:14:19 PDT"]
[Termination "wadsy27 won by resignation"]

1. e4 e6 2. d4 d5 3. Nf3 dxe4 4.
Ne5 Nf6 5. Bg5 c5 6. c3 Nbd7 7.
Bb5 a6 8. Qa4 Rb8 9. Bxd7+ Bxd7 10. Nxd7 Qxd7 11. Qc4 b5 12. Qe2 cxd4 13. cxd4 Bb4+ 14.
Nc3 Qxd4 15. O-O Bxc3 16. bxc3 Qxc3 17. Rac1 Qe5 18. Bxf6 Qxf6 19. Qxe4 O-O 20. Rc3 Qxc3 0-1

[Event "Live Chess"]
[Site "Chess.com"]
[Date "2023.05.20"]
[Round "-"]
[White "tpm07"]
[Black "AttackingSnowLeopard"]
[Result "1-0"]
[WhiteElo "1961"]
[BlackElo "2082"]
[TimeControl "300"]
[EndTime "11:14:29 PDT"]
[Termination "tpm07 won by resignation"]

1. e4 e5 2. Nf3 Nc6 3. Bb5 Nf6 4. d3 Bc5 5. Bxc6 dxc6 6. Be3 Bxe3 7. fxe3 Ng4 8. Qe2 f6 9. h3 Nh6 10. Nbd2 Nf7 11.
O-O-O Be6 12. Kb1 Qd6 13. Nh4 O-O-O 14. Rdf1 c5 15. Nf5 Bxf5 16. Rxf5 Qe6 17. g4 Nd6 18.
Rf2 b6 19. Rhf1 h5 20. gxh5 Qxh3 21. Rh2 Qe6 22. Qg2 Rd7 23. Qg6 Rh6 24. Qg3 c4 25. Nxc4 Nxc4 26. dxc4 Qxc4 27. Rhh1 Rd6 28. Qxg7 Rd2 29.
Rc1 Rxh5 30. Rxh5 Qxe4 31. Rh8+ Kb7 32. Qxf6 Qxe3 33. Rhh1 e4 34. Rhe1 Qf3 35. Qxf3 exf3 36. Rf1 f2 37. b3 Kc6 38. Kb2 Kd5 39. Kc3 Re2 40. Kd3 1-0

[Event "Live Chess"]
[Site "Chess.com"]
[Date "2023.05.20"]
[Round "-"]
[White "lightningorderyt"]
[Black "Alan_Richardson"]
[Result "0-1"]
[WhiteElo "558"]
[BlackElo "1674"]
[TimeControl "300"]
[EndTime "11:14:36 PDT"]
[Termination "Alan_Richardson won by checkmate"]

1. e4 c5 2. Nc3 Nc6 3. Nge2 g6 4.
Nb5 a6 5. Nbc3 Bg7 6. Nf4 e6 7. Bc4 b5 8. Bb3 c4 9. Bxc4 bxc4 10. Qe2 Qc7 11. g3 Nd4 12. Qe3 Nxc2+ 13. Kd1 Nxe3+ 14. fxe3 Ne7 15. b3 Bb7 16. Ba3 Bxc3 17. dxc3 Bxe4 18. Rf1 cxb3 19. axb3 Qxc3 20. Rc1 Qxb3+ 21. Kd2 Qxa3 22. h4 O-O 23. h5 Rfc8 24. hxg6 Qb2+ 25. Kd1 Rxc1# 0-1

[Event "Live Chess"]
[Site "Chess.com"]
[Date "2023.05.20"]
[Round "-"]
[White "xx_blindpuffin_xx"]
[Black "NatashaRegan"]
[Result "1-0"]
[WhiteElo "2193"]
[BlackElo "1866"]
[TimeControl "300"]
[EndTime "11:14:37 PDT"]
[Termination "xx_blindpuffin_xx won by checkmate"]

1. d4 Nf6 2. Bf4 d6 3. e3 g6 4. Nf3 Bg7 5. h3 Nc6 6. Be2 Bf5 7. O-O Qd7 8. c4 O-O 9. Nc3 Ne4 10. Nxe4 Bxe4 11. Nd2 Bf5 12. g4 Be6 13. d5 Bxb2 14.
Rb1 Be5 15. dxe6 Qxe6 16. Rxb7 Bxf4 17. exf4 Nd4 18. Bf3 c5 19. Re1 Qf6 20. Rexe7 Qh4 21. Bg2 h5 22. gxh5 gxh5 23. Nf3 Qxf4 24. Nxd4 cxd4 25.
Qxh5 d3 26. Re4 Qc1+ 27. Kh2 d2 28. Rg4# 1-0

[Event "Live Chess"]
[Site "Chess.com"]
[Date "2023.05.20"]
[Round "-"]
[White "minenko-1958"]
[Black "Doge_Dandolo"]
[Result "0-1"]
[WhiteElo "1402"]
[BlackElo "2123"]
[TimeControl "300"]
[EndTime "11:14:38 PDT"]
[Termination "Doge_Dandolo won by resignation"]

1. e4 c6 2. Nf3 d5 3. exd5 cxd5 4. d4 Nc6 5. h3 Bf5 6. Bd3 Bxd3 7. Qxd3 e6 8. c3 Qc7 9. O-O Bd6 10. a4 Nf6 11.
b4 O-O 12. a5 b6 13. b5 Nxa5 14. Nbd2 Rfc8 15. Bb2 Nc4 16. Nxc4 Qxc4 17. Qxc4 Rxc4 18. Nd2 Rc7 19. f3 Bf4 20. Nb3 Rac8 21. Rfe1 Rb7 22. Re2 Rc4 23. Kf2 Ne8 24. g3 Bb8 25. Nd2 Rc8 26.
f4 Nc7 27. c4 dxc4 28. Nxc4 Nxb5 29. Ne5 Bxe5 30. dxe5 a5 31. Rd2 h5 32. h4 Kf8 33.
Rad1 Ke8 34. Kf3 Ra8 35. Rd3 a4 36. Ba3 Nxa3 37. Rxa3 b5 38. Rda1 Kd7 39. g4 g6 40.
gxh5 gxh5 41. Ke3 Kc6 42. Ke4 Kc5 43. f5 b4 44. Rxa4 Rxa4 45. Rxa4 b3 46. Ra1 b2 47.
Rb1 Rb4+ 48. Kd3 exf5 49. Kc3 Rb7 50. Rxb2 Rxb2 51. Kxb2 Kd4 0-1

[Event "Live Chess"]
[Site "Chess.com"]
[Date "2023.05.20"]
[Round "-"]
[White "Ferrarifan27"]
[Black "BostonStrangler"]
[Result "1-0"]
[WhiteElo "2089"]
[BlackElo "2061"]
[TimeControl "300"]
[EndTime "11:14:39 PDT"]
[Termination "Ferrarifan27 won on time"]

1. e4 c5 2. Nf3 g6 3. d4 cxd4 4.
Nxd4 Nc6 5. c4 Nf6 6. Nc3 Nxd4 7. Qxd4 d6 8. Be3 Bg7 9. Qd2 O-O 10. f3 a5 11. Bd3 a4 12. O-O Qa5 13. Nd5 Nxd5 14. cxd5 Qxd2 15. Bxd2 Bxb2 16. Rab1 a3 17. Bc1 Bd4+ 18.
Kh1 b6 19. Rb3 Bc5 20. Bd2 Ba6 21. Bxa6 Rxa6 22. Rfb1 Rc8 23. Rc1 Rca8 24. Bh6 f6 25. h4 Kf7 26. g4 Ra4 27. Bd2 Rd4 28. Be3 Rda4 29. Bd2 h5 30. gxh5 gxh5 31. Kh2 Rb8 32. Rcc3 Rd8 33. Bc1 Rda8 34. Rc2 Rd4 35. Rcc3 Rd1 36.
Bxa3 Bxa3 37. Rxa3 Rd2+ 38. Kh3 Rxa2 39. Rab3 R2a6 40. Rc6 Rg8 41. Rcxb6 Ra1 42. Rb1 Rxb1 43. Rxb1 f5 44. exf5 Kf6 45. Re1 Rg7 46. Re6+ Kxf5 47. Rh6 Kf4 48. Rxh5 Kxf3 49. Rg5 Rf7 50. h5 Kf4 51. Kh4 Rh7 52. Rg1 Ke5 53. Rd1 Ke4 54. Kg5 Rg7+ 55. Kh6 Rg2 56. Kh7 Ke5 57. h6 Kf6 58.
Kh8 Rh2 59. h7 Ra2 60. Rf1+ Ke5 61. Rf7 Kxd5 62. Kg8 Rg2+ 63. Rg7 Rh2 64. Rxe7 Kc5 65. h8=Q Rxh8+ 66. Kxh8 d5 67. Kg7 d4 68. Kf6 Kc4 69.
Ke5 d3 70. Ke4 Kc3 71. Ke3 1-0

[Event "Live Chess"]
[Site "Chess.com"]
[Date "2023.05.20"]
[Round "-"]
[White "ProfPoisson"]
[Black "smoggyrabbit"]
[Result "0-1"]
[WhiteElo "1059"]
[BlackElo "1621"]
[TimeControl "300"]
[EndTime "11:14:47 PDT"]
[Termination "smoggyrabbit won by resignation"]

1. e4 e6 2. d4 d5 3. e5 c5 4. c3 Nc6 5. Nf3 Bd7 6. Bd3 Rc8 7. O-O cxd4 8. cxd4 Nb4 9. Be2 Nc2 10. Bg5 Be7 11. Nc3 Nxa1 12. Nb5 Qb6 13. Bxe7 Bxb5 14. Bc5 Bxe2 15.
Bxb6 Bxd1 16. Rxd1 axb6 17. Rxa1 Ne7 0-1